 Dungeon Crawl Stone Soup version 0.30.0-10-gfe55d96785 (webtiles) character file.

Game seed: 3338538501787122813

6049 voltaire321 the Trooper (level 10, 0/73 (76) HPs)
             Began as a Demonspawn Artificer on May 14, 2023.
             Was a Priest of Wu Jian.
             Slain by a black mamba (4 damage)
             ... while petrified by a basilisk
             ... on level 1 of the Lair of Beasts on May 15, 2023.
             The game lasted 00:30:02 (8204 turns).

voltaire321 the Trooper (Demonspawn Artificer)      Turns: 8204, Time: 00:30:03

HP:   0/73 (76)     AC: 14    Str: 17    XL:     10   Next: 57%
MP:   16/16         EV:  2    Int: 13    God:    Wu Jian [***...]
Gold: 531           SH:  0    Dex: 13    Spells: 13/17 levels left

rFire   . . .        D - +5 scimitar
rCold   . . .        (no shield)
rNeg    + + +        H - +0 acid dragon scales
rPois   ∞            E - +1 helmet
rElec   .            (no cloak)
rCorr   +            f - +0 pair of gloves
SInv    .            c - +0 pair of boots
Will    .....        s - amulet of regeneration
Stlth   ++           B - ring of poison resistance
HPRegen 1.12/turn    w - ring of wizardry
MPRegen 0.15/turn

%: wizardry (x1)
@: petrified, lightly drained
A: slimy green scales 1, powered by pain 2, condensation shield, weakness
stinger 1
a: Renounce Religion, Wall Jump, Serpent's Lash


You were on level 1 of the Lair of Beasts.
You worshipped Wu Jian.
Wu Jian was most pleased with you.
You visited 3 branches of the dungeon, and saw 11 of its levels.

You collected 531 gold pieces.

Inventory:

Hand Weapons
 p - a +0 long sword
 y - the +6 dagger of Pecolig {drain, Int+4}
   (You found it on level 6 of the Dungeon)

   Int:       It affects your intelligence (+4).
 D - a +5 scimitar (weapon)
Missiles
 q - 5 boomerangs
 x - 10 poisoned darts (quivered)
Armour
 c - a +0 pair of boots (worn)
 f - a +0 pair of gloves (worn)
 E - a +1 helmet (worn)
 H - +0 acid dragon scales (worn)
Magical Staves
 g - a staff of conjuration
Jewellery
 m - a ring of see invisible
 s - an amulet of regeneration (around neck)
 w - a ring of wizardry (right hand)
 B - a ring of poison resistance (left hand)
Wands
 d - a wand of charming (11)
 e - a wand of iceblast (2)
 n - a wand of paralysis (11)
Scrolls
 h - 2 scrolls of blinking
 l - 2 scrolls of amnesia
 u - 2 scrolls of fog
 z - 2 scrolls of teleportation
 A - 2 scrolls of identify
 F - a scroll of brand weapon {unknown}
Potions
 a - 2 potions of flight {unknown}
 b - 2 potions of resistance {unknown}
 i - 3 potions of haste {unknown}
 j - 3 potions of brilliance {unknown}
 k - 7 potions of curing
 o - 2 potions of lignification {unknown}
 r - a potion of might {unknown}
 t - 2 potions of magic {unknown}
 v - 2 potions of berserk rage {unknown}
 C - a potion of ambrosia {unknown}
 G - a potion of invisibility {unknown}
 I - 2 potions of degeneration {unknown}
 J - a potion of heal wounds


   Skills:
 + Level 6.2 Fighting
 - Level 1.9(4.1) Short Blades
 * Level 5.7(5.9) Long Blades
 + Level 5.9 Armour
 + Level 5.6 Dodging
 - Level 2.0 Stealth
 + Level 4.3 Spellcasting
 + Level 4.7 Conjurations
 + Level 4.3 Fire Magic
 - Level 5.0 Evocations


You had 13 spell levels left.
You knew the following spells:

 Your Spells              Type           Power      Damage    Failure   Level
a - Sticky Flame          Conj/Fire      14%        2d4       16%         4

Your spell library contained the following spells:

 Spells                   Type           Power      Damage    Failure   Level
 Cigotuvi's Dreadful Rot  Necr/Pois/Air  4%         N/A       16%         2
 Poisonous Vapours        Pois/Air       4%         N/A       16%         2
 Mephitic Cloud           Conj/Pois/Air  6%         N/A       16%         3
 Ignite Poison            Fire/Tmut/Pois 6%         N/A       17%         3
 Freezing Cloud           Conj/Ice/Air   3%         6-21      80%         5
 Ignition                 Fire           6%         3d4       100%        8


Dungeon Overview and Level Annotations

Branches:
Dungeon (9/15)             Temple (1/1) D:4            Lair (1/5) D:9
    Orc (0/2) D:9

Altars:
Ashenzari
Cheibriados
Dithmenos
Fedhas
Gozag
Hepliaklqana
Kikubaaqudgha
Makhleb
Nemelex Xobeh
Okawaru
Qazlal
Ru
Sif Muna
Trog
Uskayaw
Vehumet
Wu Jian
Xom
Yredelemnul

Shops:
D:7 *=:(

Portals:
Volcano: Lair:1

Annotations:
D:8 2 transporters, exclusion: obsidian statue


Innate Abilities, Weirdness & Mutations

You are partially covered in slimy green scales. (AC +2)
You sometimes gain power by taking damage.
A meltable shield of frost defends you. (SH +4)
You have a small tail.


Message History

The black mamba is severely wounded.
You spin and attack the basilisk.
You slash the basilisk!
The basilisk is moderately wounded.
The black mamba bites you but does no damage.
A polar bear comes into view.
The basilisk gazes at you.
You are slowing down.
The black mamba bites you. The black mamba closely misses you.
Your limbs are stiffening.
You spin and attack the black mamba.
You slash the black mamba!
Your tail-slap misses the black mamba.
The black mamba is almost dead.
You block the black mamba's attack. The black mamba bites you! x2
The basilisk bites you.
You have turned to stone.
The polar bear growls angrily.
The black mamba bites you! The basilisk bites you!
The black mamba bites you but does no damage.
The black mamba bites you! The basilisk bites you!
* * * LOW HITPOINT WARNING * * *
The black mamba bites you but does no damage.
The black mamba bites you but does no damage.
The basilisk gazes at you. You resist with some effort.
The black mamba bites you.
* * * LOW HITPOINT WARNING * * *
The black mamba bites you but does no damage.
The basilisk gazes at you. You resist with some effort.
The black mamba bites you!
* * * LOW HITPOINT WARNING * * *
The black mamba bites you!
* * * LOW HITPOINT WARNING * * *
The basilisk gazes at you. You resist with some effort.
The black mamba bites you!
* * * LOW HITPOINT WARNING * * *
A bullfrog comes into view.
The basilisk gazes at you. The black mamba bites you!
You die...

#### # ####...
≈≈#.....##
≈≈∩......########
#.....h##.#...###
####.@S.....F....
###l..<.......
+...........
#.............
....#...........
..}#.............
.. +.............
. ###...........
#...........


You could see a polar bear, a black mamba, a basilisk and a bullfrog
(wandering).

Vanquished Creatures
  Pikel (D:9)
  Maggie (D:8)
  Prince Ribbit (D:6)
  2 hornets (D:8)
  A shadow (D:9)
  6 yaks (D:9)
  A wyvern (D:9)
  A wraith (D:9)
  A steam dragon (D:9)
  A two-headed ogre zombie (D:9)
  A water moccasin (D:8)
  A sky beast (D:8)
  2 ice beasts
  3 black bears
  2 centaurs
  4 phantoms
  A lemure (D:9)
  A kobold brigand (D:8)
  2 bullfrogs
  3 scorpions
  2 jellies
  11 wights
  A troll zombie (D:9)
  5 howler monkeys
  4 orc priests
  A hound (D:6)
  A gnoll bouda (D:7)
  6 orc wizards
  6 ogre zombies (D:9)
  17 gnolls
  9 adders
  2 shadow imps
  5 white imps
  2 ufetubi (D:6)
  3 dart slugs
  31 orcs
  7 bats
  3 endoplasms
  3 giant cockroaches
  6 hobgoblins
  5 jackals (D:3)
  8 kobolds
  3 quokkas
  5 ball pythons
  3 frilled lizards
  5 goblins
  A goblin skeleton (D:9)
  3 goblin zombies (D:9)
  2 hobgoblin skeletons (D:9)
  7 hobgoblin zombies (D:9)
  2 orc skeletons (D:9)
  10 orc zombies (D:9)
  3 rats
218 creatures vanquished.

Vanquished Creatures (collateral kills)
  An orc wizard (D:4)
1 creature vanquished.

Grand Total: 219 creatures vanquished

Notes
Turn   | Place    | Note
-------+----------+-------------------------------------------
     0 | D:1      | voltaire321 the Demonspawn Artificer began the quest for
                  | the Orb.
     0 | D:1      | Reached XP level 1. HP: 15/15 MP: 1/1
   138 | D:1      | Reached skill level 1 in Dodging
   517 | D:1      | Gained mutation: You are partially covered in slimy green
                  | scales. (AC +2) [demonic ancestry]
   517 | D:1      | Reached XP level 2. HP: 9/21 MP: 2/2
  1328 | D:2      | Found an iron altar of Okawaru.
  1426 | D:2      | Found a faded altar of an unknown god.
  2013 | D:2      | Reached XP level 3. HP: 24/27 MP: 3/3
  2042 | D:2      | Reached skill level 2 in Fighting
  2160 | D:3      | Gained mutation: A meltable shield of frost defends you.
                  | (SH +4) [demonic ancestry]
  2160 | D:3      | Reached XP level 4. HP: 31/33 MP: 4/4
  2514 | D:3      | Gained mutation: You sometimes gain a little power by
                  | taking damage. [demonic ancestry]
  2514 | D:3      | Reached XP level 5. HP: 15/39 MP: 5/5
  3387 | D:4      | Reached skill level 3 in Fighting
  3387 | D:4      | Gained mutation: You have a small tail. [demonic ancestry]
  3387 | D:4      | Reached XP level 6. HP: 12/47 MP: 6/6
  3562 | D:4      | HP: 2/47 [acid (6)]
  3867 | D:4      | Found a staircase to the Ecumenical Temple.
  3874 | Temple   | Entered the Ecumenical Temple
  3991 | Temple   | Became a worshipper of the Wu Jian Council
  4075 | D:5      | Entered Level 5 of the Dungeon
  4098 | D:5      | Found a shadowy altar of Dithmenos.
  4098 | D:5      | Found a blossoming altar of Fedhas.
  4108 | D:5      | Reached skill level 1 in Long Blades
  4147 | D:5      | Reached XP level 7. HP: 41/52 MP: 7/7
  4402 | D:5      | Learned a level 4 spell: Sticky Flame
  4680 | D:5      | Found an iron altar of Okawaru.
  4799 | D:6      | Noticed Prince Ribbit
  4858 | D:6      | Killed Prince Ribbit
  4859 | D:6      | Reached skill level 4 in Fighting
  4859 | D:6      | Reached skill level 1 in Conjurations
  4859 | D:6      | Reached skill level 1 in Fire Magic
  4859 | D:6      | Reached skill level 5 in Evocations
  4876 | D:6      | Reached skill level 1 in Spellcasting
  4893 | D:6      | Gained mutation: You sometimes gain power by taking damage.
                  | [demonic ancestry]
  4893 | D:6      | Reached XP level 8. HP: 20/60 MP: 9/9
  4951 | D:6      | Identified the +6 dagger of Pecolig {drain, Int+4}
  5292 | D:6      | Reached * piety under Wu Jian
  5571 | D:7      | Found Acuor's Book Shoppe.
  5577 | D:7      | Reached skill level 1 in Short Blades
  5621 | D:7      | Found Fioribb's Jewellery Shoppe.
  5624 | D:7      | Found Bimyl's Weapon Boutique.
  5691 | D:7      | Reached skill level 1 in Stealth
  5949 | D:7      | Found Otzaphed's Assorted Antiques.
  5986 | D:7      | Reached XP level 9. HP: 65/67 MP: 12/12
  6294 | D:8      | Noticed Maggie
  6305 | D:8      | Killed Maggie
  6306 | D:8      | Reached skill level 5 in Fighting
  6542 | D:8      | Reached ** piety under Wu Jian
  6627 | D:8      | Reached skill level 5 in Armour
  6669 | D:8      | Noticed a cyclops
  6670 | D:8      | Found a transporter.
  6670 | D:8      | Noticed a cyclops
  6670 | D:8      | Noticed an obsidian statue
  6670 | D:8      | Noticed an efreet
  6670 | D:8      | Noticed a brown ugly thing
  6671 | D:8      | Noticed a boulder beetle
  6703 | D:8      | Found a transporter.
  6858 | D:8      | Reached skill level 5 in Dodging
  7204 | D:9      | Found a staircase to the Orcish Mines.
  7232 | D:9      | Reached XP level 10. HP: 73/76 MP: 15/15
  7278 | D:9      | Found a staircase to the Lair.
  7360 | D:9      | Reached *** piety under Wu Jian
  7495 | D:9      | Identified the +0 chain mail of Fashionability {Harm
                  | Rampage rC+}
  7647 | D:9      | Reached skill level 5 in Long Blades
  7650 | D:9      | Noticed Pikel
  7666 | D:9      | Killed Pikel
  7857 | D:9      | Reached skill level 6 in Fighting
  8179 | Lair:1   | Entered Level 1 of the Lair of Beasts
  8179 | Lair:1   | Noticed a black mamba
  8181 | Lair:1   | Found a dark tunnel.
  8204 | Lair:1   | Slain by a black mamba

Illustrated notes

Levels and vault maps discovered:
D:1:      dpeg_arrival_signposts, layout_basic
D:2:      layout_loops_ring, shapermc_ecumenical_altar_starsandcircs,
          basic_altar, kennysheep_pointless_box, chequers_jeans,
          guppyfry_early_orc_mine
D:3:      layout_rooms, kennysheep_crisscross, minmay_unequal
D:4:      layout_gridville, minmay_temple_entry_drinking_statues, minivault_23
D:5:      layout_cave_pools, jmf_multi_god_temple, general_overflow_altar
D:6:      layout_rooms, grunt_decor_fettered, wad_floor_pattern_2,
          amcnicky_mini_rare_corridor_liquid, roderic_lattice_a,
          uniq_prince_ribbit1
D:7:      layout_basic, serial_shops, shop, nicolae_square_shop, shop,
          nicolae_shop_bloodbath_and_beyond
D:8:      gammafunk_sealed_arena, layout_basic, uniq_maggie
D:9:      layout_stronghold, lair_entry_dummy, zombieorc2_lemuel,
          enter_bailey_2, uniq_pikel
Temple:   hellmonk_temple_of_storms
Lair:1:   layout_roguey, gauntlet_entry_generic,
          nicolae_volcano_entry_two_sided, nicolae_quartered_pool_impasse

Skill      XL: |  1  2  3  4  5  6  7  8  9 10 |
---------------+-------------------------------+-----
Dodging        | 1 2 3 4 5 |  5.6
Armour         | 2 3 4 5 |  5.9
Fighting       | 2 3 4 5 6 |  6.2
Evocations     | 4 5 |  5.0
Long Blades    | 1 2 4 5 |  5.7
Conjurations   | 1 2 4 |  4.7
Fire Magic     | 1 2 3 4 |  4.3
Spellcasting   | 1 2 3 4 |  4.3
Short Blades   | 1 |  1.9
Stealth        | 2 |  2.0

Action                     |  1- 3 |  4- 6 |  7- 9 | 10-12 || total
---------------------------+-------+-------+-------+-------++-------
  Melee: Staff             |    13 |       |       |       ||    13
         Mace              |    21 |       |       |       ||    21
         Dagger            |     9 |       |   111 |       ||   120
         Club              |     2 |       |       |       ||     2
         Long sword        |    44 |   211 |   122 |       ||   377
         Spear             |     7 |       |       |       ||     7
         Punch             |       |     2 |     6 |     5 ||    13
         Tailslap          |       |     4 |    72 |    34 ||   110
         Scimitar          |       |       |   184 |   168 ||   352
  Throw: Dart              |       |    27 |    28 |       ||    55
         Boomerang         |       |    53 |    22 |       ||    75
         Throwing net      |       |     1 |       |       ||     1
Ability: Lunge             |       |       |    12 |     6 ||    18
         Whirlwind         |       |       |    19 |    17 ||    36
  Evoke: Wand              |     7 |    13 |     3 |       ||    23
    Use: Potion            |       |     3 |     2 |       ||     5
         Scroll            |       |     3 |     4 |       ||     7
   Stab: Sleeping          |     1 |       |       |     1 ||     2
         Distracted        |       |     1 |       |       ||     1
 Armour: Leather armour    |    42 |    95 |    78 |       ||   215
         Acid dragon scale |       |       |    74 |    90 ||   164
  Dodge: Dodged            |    66 |   164 |   269 |    79 ||   578
  Block: Other             |       |    48 |    87 |    30 ||   165
